 Dungeon Crawl Stone Soup version 0.27.0-1-g7a089689b8 (webtiles) character file.

Game seed: 13147465011600479516

59 kalagan the Conjurer (level 3, -1/19 HPs)
             Began as a Deep Elf Conjurer on Aug 9, 2021.
             Slain by Grinder (3 damage)
             ... while paralysed by Grinder
             ... on level 3 of the Dungeon.
             The game lasted 00:02:25 (1728 turns).

kalagan the Conjurer (Deep Elf Conjurer)            Turns: 1728, Time: 00:02:25

Health: -1/19      AC:  2    Str:  5    XL:     3   Next: 78%
Magic:  5/10       EV:  2    Int: 22    God:
Gold:   72         SH:  0    Dex: 13    Spells: 3/9 levels left

rFire    . . .     SeeInvis .   e - staff of earth
rCold    . . .     Faith    .   (no shield)
rNeg     . . .     Spirit   .   a - +0 robe
rPois    .         Reflect  .   (no helmet)
rElec    .         Harm     .   (no cloak)
rCorr    .         Rampage  .   (no gloves)
Will     .....                  (no boots)
Stlth    ++........             (no amulet)
HPRegen  0.06/turn              (no ring)
MPRegen  0.12/turn              (no ring)

@: paralysed
A: no striking features
a: no special abilities


You were on level 3 of the Dungeon.
You visited 1 branch of the dungeon, and saw 3 of its levels.

You collected 72 gold pieces.

Inventory:

Armour
 a - a +0 robe (worn)
Magical Staves
 e - a staff of earth (weapon)
Jewellery
 d - a ring of positive energy
Scrolls
 b - a scroll of teleportation {unknown}
 c - 2 scrolls of identify {unknown}
 f - a scroll of amnesia {unknown}
 h - a scroll of enchant weapon {unknown}
Potions
 g - a potion of mutation {unknown}


   Skills:
 + Level 0.0 Fighting
 + Level 0.2 Staves
 + Level 2.7 Dodging
 + Level 2.7 Stealth
 * Level 3.8 Spellcasting
 * Level 5.1 Conjurations
 * Level 0.9 Hexes
 + Level 0.8 Earth Magic


You had 3 spell levels left.
You knew the following spells:

 Your Spells              Type           Power      Damage    Failure   Level
a - Magic Dart            Conj           100%       1d8       1%          1
b - Searing Ray           Conj           52%        3d5       1%          2
c - Dazzling Flash        Conj/Hex       34%        N/A       10%         3

Your spell library contained the following spells:

 Spells                   Type           Power      Damage    Failure   Level
 Fulminant Prism          Conj/Hex       8%         3d7       32%         4
 Iskenderun's Mystic Bla  Conj/Tloc      15%        2d5       36%         4


Dungeon Overview and Level Annotations

Branches:
Dungeon (3/15)

Altars:

Annotations:
D:3 Grinder


Message History

You can't see any susceptible monsters within range! (Use Z to cast anyway.)
You can't see any susceptible monsters within range! (Use Z to cast anyway.)
You see here a hobgoblin corpse.
You see here a hobgoblin corpse.
Done exploring.
Done exploring.
Done exploring.
Search for what [Enter for "."]? .
Unknown command.
Okay, then.
(D) Dungeon
Where to? (Enter - D:2, ? - help)
There is a stone staircase leading down here.
You climb downwards.
There is a stone staircase leading up here.
Found 17 stones.
Grinder comes into view.
Casting: Magic Dart (safe; 1% risk of failure)
Confirm with . or Enter, or press ? or * to list all spells.
Aiming: Searing Ray (safe; 1% risk of failure)
Press: ? - help, Shift-Dir - straight line, f - Grinder
Aim: Grinder (asleep, 100% to hit)
The searing ray hits Grinder!
Grinder is moderately wounded. (Press . to maintain the ray.) Unknown command.
The searing ray misses Grinder.
Grinder closely misses you.
The searing ray hits Grinder.
Grinder is heavily wounded.
Grinder hits you.
You writhe in agony.
The searing ray hits Grinder.
Grinder is severely wounded.
You finish channeling your searing ray.
Grinder hits you!
You writhe in agony.
* * * LOW HITPOINT WARNING * * *
Grinder gestures at you.
You suddenly lose the ability to move!
Grinder gestures at you. You resist with significant effort. Grinder hits you.
You die...

#.# #.# #.#
#.#
#.######.
#........
#........
####.#####
#......@.#
#.#....#5#
#.####.#.#
###.####.#.#
#........#.#
##..######..
#........(.
#.#########
#.#


You could see Grinder.

Vanquished Creatures
  3 adders (D:2)
  A worm (D:2)
  2 ball pythons (D:1)
  An endoplasm (D:1)
  A giant cockroach (D:2)
  5 goblins
  3 hobgoblins
  3 jackals (D:1)
  2 quokkas (D:2)
  2 bats (D:1)
  5 rats
28 creatures vanquished.

Notes
Turn   | Place    | Note
-------+----------+-------------------------------------------
     0 | D:1      | kalagan the Deep Elf Conjurer began the quest for the Orb.
     0 | D:1      | Reached XP level 1. HP: 10/10 MP: 6/6
   144 | D:1      | Found a faded altar of an unknown god.
   249 | D:1      | Reached XP level 2. HP: 15/15 MP: 6/8
   271 | D:1      | Learned a level 2 spell: Searing Ray
   733 | D:2      | Reached skill level 5 in Conjurations
   776 | D:2      | Reached XP level 3. HP: 19/19 MP: 7/10
   780 | D:2      | Learned a level 3 spell: Dazzling Flash
  1721 | D:3      | Noticed Grinder
  1726 | D:3      | Paralysed by Grinder for 5 turns
  1728 | D:3      | Slain by Grinder

Illustrated notes

Levels and vault maps discovered:
D:1:      lightli_arrival_chessboard, layout_rooms,
          ebering_ecumenical_altar_webs, minmay_misc_feat_square
D:2:      layout_basic
D:3:      layout_basic, trog_book, nrook_loot_triangle, grunt_decor_cap,
          uniq_terence, uniq_grinder

Skill      XL: |  1  2 |
---------------+-------+-----
Conjurations   | 5 |  5.1
Staves         | |  0.2
Dodging        | |  2.7
Stealth        | |  2.7
Spellcasting   | |  3.8
Hexes          | |  0.9
Earth Magic    | |  0.8

Action                   || total
-------------------------++-------
Melee: Staff             ||     3
 Cast: Magic Dart        ||    56
       Searing Ray       ||     3
Armor: Robe              ||     1
Dodge: Dodged            ||     4
